 Dungeon Crawl Stone Soup version 0.26-b1-32-g5d43845318 (webtiles) character file.

Game seed: 17894329973592558136

23 Borgoz the Ducker (level 2, -2/25 HPs)
             Began as a Ghoul Gladiator on Jan 13, 2021.
             Slain by a leopard gecko (3 damage)
             ... on level 1 of the Dungeon.
             The game lasted 00:00:45 (510 turns).

Borgoz the Ducker (Ghoul Gladiator)                  Turns: 510, Time: 00:00:46

Health: -2/25      AC:  4    Str: 17    XL:     2   Next: 95%
Magic:  1/1        EV: 12    Int:  3    God:
Gold:   26         SH:  0    Dex: 10    Spells: 1/1 levels left

rFire    . . .     SeeInvis .   a - +0 flail
rCold    + . .     Faith    .   (no shield)
rNeg     + + +     Spirit   .   b - +0 leather armour
rPois    ∞         Reflect  .   c - +0 helmet
rElec    .         Harm     .   (no cloak)
rCorr    .         Rampage  .   (no gloves)
Will     .....                  (no boots)
Stlth    +.........             (no amulet)
HPRegen  0.00/turn              (no ring)
MPRegen  0.07/turn              (no ring)

@: brilliant
A: claws 1, cold resistance 1, negative energy resistance 3, inhibited
regeneration, torment resistance, unbreathing
a: no special abilities


You were on level 1 of the Dungeon.
You visited 1 branch of the dungeon, and saw 1 of its levels.

You collected 26 gold pieces.

Inventory:

Hand Weapons
 a - a +0 flail (weapon)
Armour
 b - a +0 leather armour (worn)
 c - a +0 helmet (worn)
Jewellery
 j - a cursed amulet of inaccuracy {unknown}
Scrolls
 e - a scroll of identify {unknown}
 f - a scroll of amnesia {unknown}
 h - a scroll of fear {unknown}
 i - a scroll of blinking {unknown}


   Skills:
 * Level 2.6 Fighting
 * Level 2.9 Maces & Flails
 - Level 1.7 Throwing
 * Level 0.9 Armour
 * Level 3.0 Dodging


You had one spell level left.
You didn't know any spells.
Your spell library was empty.

Dungeon Overview and Level Annotations

Branches:
Dungeon (1/15)

Altars:


Innate Abilities, Weirdness & Mutations

You thrive by killing the living.
You are immune to poison.
You have sharp fingernails.
Your flesh is cold resistant. (rC+)
You are immune to negative energy. (rN+++)
You do not regenerate when monsters are visible.
You are immune to unholy pain and torment.
You can survive without breathing.


Message History

The throwing net barely misses the leopard gecko.
The leopard gecko bites you but does no damage.
The leopard gecko closely misses you.
Throw: 2 throwing nets
Press: ? - help, Q - select action Shift-Dir - straight line, f/p - leopard gecko
Aim: a leopard gecko (heavily wounded)
You throw a throwing net.
The throwing net barely misses the leopard gecko.
The throwing net hits the frilled lizard.
The frilled lizard is caught in the net!
The leopard gecko misses you.
The frilled lizard struggles against the net.
Throw: throwing net
Press: ? - help, Q - select action Shift-Dir - straight line, f/p - leopard gecko
Aim: a leopard gecko (heavily wounded)
You throw a throwing net.
The throwing net barely misses the leopard gecko.
The throwing net barely misses the frilled lizard.
The leopard gecko bites you.
You die...

###.....###.#.....#
#......##
#.#...#######
......##
##.#...#.....#
....###
#........###.#
..###
#..##...#####.# ###
.. #.......##.# .
#.##.#.....# ...
#.####### ###.
#.@ll# ####l#
##....# #.....#
#....## #....#
#...l# #..)†#
#....#


You could see a leopard gecko and 2 frilled lizards.

Vanquished Creatures
  6 goblins (D:1)
  A hobgoblin (D:1)
  4 jackals (D:1)
  A bat (D:1)
  2 frilled lizards (D:1)
  3 kobolds (D:1)
  4 rats (D:1)
21 creatures vanquished.

Vanquished Creatures (others)
  7 plants (D:1)
7 creatures vanquished.

Grand Total: 28 creatures vanquished

Notes
Turn   | Place    | Note
-------+----------+-------------------------------------------
     0 | D:1      | Borgoz the Ghoul Gladiator began the quest for the Orb.
     0 | D:1      | Reached XP level 1. HP: 17/17 MP: 0/0
   230 | D:1      | Reached XP level 2. HP: 20/25 MP: 1/1
   468 | D:1      | Reached skill level 3 in Dodging
   499 | D:1      | HP: 1/25 [frilled lizard (1)]
   510 | D:1      | Slain by a leopard gecko

Illustrated notes

Levels and vault maps discovered:
D:1:      dpeg_arrival_snail, layout_basic, minmay_lizard_king

Skill      XL: |  1  2 |
---------------+-------+-----
Dodging        | 3 |  3.0
Fighting       | |  2.6
Maces & Flails | |  2.9
Throwing       | |  1.7
Armour         | |  0.9

Action                   || total
-------------------------++-------
Melee: Flail             ||    88
Throw: Throwing net      ||     3
  Use: Potion            ||     1
Armor: Leather armour    ||    40
Dodge: Dodged            ||    92
